 Dungeon Crawl Stone Soup version 0.31-a0-1074-g0b22e4e0f1 (webtiles) character file.

Game seed: 6267201454411001392

112 IdlyInterested the Changeling (level 4, -2/32 HPs)
             Began as a Demonspawn Shapeshifter on Dec 1, 2023.
             Frozen to death by an endoplasm (5 damage)
             ... on level 3 of the Dungeon.
             The game lasted 00:05:43 (2089 turns).

IdlyInterested the Changeling (DsSh)                Turns: 2089, Time: 00:05:44

Health: -2/32      AC:  8    Str: 15    XL:     4   Next: 63%
Magic:  4/4        EV:  4    Int: 11    God:
Gold:   114        SH:  0    Dex: 14    Spells: 3/3 levels left

rFire   . .          .
                       - Unarmed
rCold   . . .        (no shield)
rNeg    . . .        l - +0 chain mail
rPois   .            m - melded +0 helmet
rElec   .            (cloak currently unavailable)
rCorr   .            (gloves currently unavailable)
SInv    .            (boots currently unavailable)
Will    .....        (no amulet) Stlth
                     (no ring)
HPRegen 0.25/turn    (no ring)
MPRegen 0.18/turn

%: no passive effects
@: beast-form, constricted
A: beast (slay +2), foul stench 1, magic regeneration
a: Begin Untransformation


You were on level 3 of the Dungeon.
You were a hulking beast.
You visited 1 branch of the dungeon, and saw 3 of its levels.

You collected 114 gold pieces.

Inventory:

Hand Weapons
 g - a +0 short sword
 u - a +0 trident
Missiles
 a - 4 javelins
 f - 12 stones (quivered)
Armour
 l - a +0 chain mail (worn)
 m - a +0 helmet (melded)
 q - a +0 helmet
 s - a +0 plate armour
Talismans
 c - a beast talisman (active)
 d - a flux talisman
Scrolls
 e - a scroll of torment
 h - a scroll of enchant weapon {unknown}
 i - 3 scrolls of teleportation
 j - a scroll of brand weapon
 k - a scroll of blinking
 n - a scroll of amnesia
 o - a scroll of vulnerability {unknown}
 r - a scroll of revelation {unknown}
Potions
 b - a potion of lignification
 p - a potion of cancellation {unknown}
 t - a potion of brilliance {unknown}


   Skills:
 - Level 1.0 Fighting
 - Level 1.7 Dodging
 + Level 3.5 Unarmed Combat
 * Level 4.1 Shapeshifting


You had 3 spell levels left.
You didn't know any spells.
Your spell library contained the following spells:

 Spells                   Type           Power      Damage    Failure   Level
 Inner Flame              Hex/Fire       0%         N/A       100%        3
 Flame Wave               Conj/Fire      0%         2d4       100%        4
 Sticky Flame             Conj/Fire      0%         2d3       100%        4


Dungeon Overview and Level Annotations

Branches:
Dungeon (3/15)

Altars:
Fedhas


Innate Abilities, Weirdness & Mutations

You are a hulking beast.
Your limbs bulge with bestial killing power. (Slay +2)
You may rarely emit foul miasma when damaged in melee.
You regenerate magic rapidly.


Message History

Beogh smites you!
A ball python comes into view.
Throw: 14 stones
Press: ? - help, Q - select action, (/) - cycle Shift-Dir - straight line, f/p - orc priest
Aim: an orc priest, wielding a +0 club and wearing a +0 chain mail (67% to hit)
You throw a stone.
The stone hits the orc priest but does no damage.
Throw: 13 stones
Press: ? - help, Q - select action, (/) - cycle Shift-Dir - straight line, f/p - orc priest
Aim: an orc priest, wielding a +0 club and wearing a +0 chain mail (65% to hit)
You throw a stone. The stone barely misses the orc priest.
You hit the orc priest but do no damage.
The orc priest hits you with a +0 club.
You hit the orc priest but do no damage.
You punch the orc priest, but do no damage.
The orc priest miscasts a cantrip.
You hit the orc priest but do no damage.
The ball python barely misses you. The ball python grabs you.
The ball python constricts you.
You hit the orc priest but do no damage.
The ball python bites you but does no damage.
The ball python constricts you. The orc priest hits you with a +0 club.
The endoplasm hits you but does no damage.
You hit the orc priest but do no damage.
The ball python bites you but does no damage.
The ball python constricts you.
The orc priest calls down the wrath of Beogh upon you.
Beogh smites you!
* * * LOW HITPOINT WARNING * * *
The endoplasm hits you but does no damage.
The ball python bites you but does no damage.
The ball python constricts you.
You hit the orc priest but do no damage.
The orc hits you but does no damage.
An orc comes into view. It is wielding a +0 mace.
The orc priest hits you with a +0 club.
* * * LOW HITPOINT WARNING * * *
The endoplasm freezes you.
You are frozen.
You die...

# ..# #. ..# # ... .
#..###.# ..... #.
#..##..####..<...
.##.....#.......... #
........o.........
....###oJ##..##.o..?....
......Sh###..##.(.......
....####ooo.............
. #o.....#.........
#..#####......... #..#
#..........
#..####.#.......>
...).............
......###.........
...#### #.........


You could see 2 orc priests, 3 orcs, an endoplasm and a ball python.

Vanquished Creatures
  3 gnolls (D:2)
  3 adders (D:2)
  A worm (D:2)
  A dart slug (D:2)
  An orc (D:2)
  7 endoplasms (D:2)
  A giant cockroach (D:2)
  3 goblins (D:2)
  2 hobgoblins (D:2)
  3 jackals (D:2)
  9 kobolds
  2 quokkas (D:1)
  2 ball pythons
  6 bats
  A frilled lizard (D:1)
  3 rats
48 creatures vanquished.

Notes
Turn   | Place    | Note
-------+----------+-------------------------------------------
     0 | D:1      | IdlyInterested the Demonspawn Shapeshifter began the quest
                  | for the Orb.
     0 | D:1      | Reached XP level 1. HP: 15/15 MP: 1/1
   280 | D:1      | Reached skill level 3 in Shapeshifting
   300 | D:1      | Gained mutation: You regenerate magic rapidly. [demonic
                  | ancestry]
   300 | D:1      | Reached XP level 2. HP: 19/21 MP: 2/2
   979 | D:2      | Reached XP level 3. HP: 15/26 MP: 3/3
  1322 | D:2      | Found a blossoming altar of Fedhas.
  1552 | D:2      | Gained mutation: You may rarely emit foul miasma when
                  | damaged in melee. [demonic ancestry]
  1552 | D:2      | Reached XP level 4. HP: 30/32 MP: 4/4
  1736 | D:2      | Reached skill level 4 in Shapeshifting
  2089 | D:3      | Frozen to death by an endoplasm

Illustrated notes

Levels and vault maps discovered:
D:1:      dpeg_arrival_stone_temple_mockup, layout_basic
D:2:      minmay_razor_zed, layout_loops_ring, basic_altar
D:3:      layout_rooms, serial_shops, shop

Skill      XL: |  1  2  3  4 |
---------------+-------------+-----
Shapeshifting  | 3 4 |  4.1
Unarmed Combat | 3 |  3.5
Fighting       | |  1.0
Dodging        | |  1.7

Action                     |  1- 3 |  4- 6 || total
---------------------------+-------+-------++-------
  Melee: Unarmed           |   107 |    55 ||   162
         Punch             |     3 |     1 ||     4
  Throw: Stone             |     3 |     3 ||     6
    Use: Scroll            |     5 |       ||     5
 Armour: Ring mail         |    11 |       ||    11
         Chain mail        |    62 |    45 ||   107
  Dodge: Dodged            |    39 |    21 ||    60
   Form: Beast             |     1 |       ||     1
         Flux              |     1 |       ||     1

Table legend: (Time is in decaauts)
 A = Elapsed time spent in this place.
 B = Non-inter-level travel time spent in this place.
 C = Inter-level travel time spent in this place.
 D = Time resting spent in this place.
 E = Time spent auto-exploring this place.
 F = Levels seen in this place.
 G = Mean time per level.
                   A        B        C        D        E       F      G
               +--------+--------+--------+--------+--------+-----+--------+
         Total |   2079 |   1854 |    225 |    150 |   1188 |   3 |  693.0 |
       Dungeon |   2079 |   1854 |    225 |    150 |   1188 |   3 |  693.0 |
               +--------+--------+--------+--------+--------+-----+--------+

Top non-repeatable levels by time:
     D:2: 1141 daAuts
     D:1: 912 daAuts
     D:3: 24 daAuts
